PCL
ALBUQUERQUE ISOTOPES @ LANSING LUGNUTS
08/05/2024
 
TOP OF THE 1ST
Albuquerque Isotopes batting - Pitching for Lansing Lugnuts : RHP Arturo Leal
Pitching: RHP Arturo Leal
Batting: RHB Cristián Herrera 0-0: Foul Ball, location: 2F
0-1: Ball
1-1: Foul Ball, location: 2F
1-2: Ball
2-2: Ball
3-2: Strikes out swinging
Batting: SHB Lee Townsend 0-0: Foul Ball, location: 2F
0-1: Ball
1-1: Ball
2-1: Called Strike
2-2: Strikes out looking
Batting: RHB Edward Young 0-0: Foul Ball, location: 2F
0-1: Ball
1-1: Ball
2-1: Swinging Strike
2-2: Foul Ball, location: 2F
2-2: Ground out 1-3 (Groundball, 34S)
Top of the 1st over - 0 run(s), 0 hit(s), 0 error(s), 0 left on base; Albuquerque 0 - Lansing 0
BOTTOM OF THE 1ST
Lansing Lugnuts batting - Pitching for Albuquerque Isotopes : RHP Mark Sanders
Pitching: RHP Mark Sanders
Batting: LHB Sam Barnes 0-0: SINGLE (Line Drive, 4M)
Batting: RHB Jeff Packard 0-0: Ball
1-0: Ball
2-0: Foul Ball, location: 2F
2-1: Ball
3-1: Grounds into double play, U4-3 (Groundball, 4)
Batting: RHB Júlio Caraballo 0-0: Ball
1-0: Ball
2-0: Ball
3-0: Called Strike
3-1: DOUBLE (Line Drive, 78XD)
Batting: LHB Ricardo Romero 0-0: Ground out 5-3 (Groundball, 56)
Bottom of the 1st over - 0 run(s), 2 hit(s), 0 error(s), 1 left on base; Albuquerque 0 - Lansing 0
TOP OF THE 2ND
Albuquerque Isotopes batting - Pitching for Lansing Lugnuts : RHP Arturo Leal
Batting: LHB Juan Carlos Sánchez 0-0: Ball
1-0: Ball
2-0: Ball
3-0: Called Strike
3-1: Base on Balls
Batting: LHB Mark Vestal 0-0: Swinging Strike
0-1: TRIPLE (Line Drive, 78M)
Juan Carlos Sánchez scores
Batting: LHB A.J. Major 0-0: Ball
1-0: Foul Ball, location: 2F
1-1: Fly out, F1 (Line Drive, 15)
Batting: LHB David Griffin 0-0: Ball
1-0: Called Strike
1-1: Called Strike
1-2: Foul Ball, location: 2F
1-2: Foul Ball, location: 2F
1-2: Ground out 3-1 (Groundball, 3D)
Mark Vestal scores
Batting: RHB Juan Barrera 0-0: Called Strike
0-1: Foul Ball, location: 2F
0-2: Ball
1-2: Ball
2-2: Ball
3-2: Foul Ball, location: 2F
3-2: Foul Ball, location: 2F
3-2: Fly out, F7 (Line Drive, 7M)
Top of the 2nd over - 2 run(s), 1 hit(s), 0 error(s), 0 left on base; Albuquerque 2 - Lansing 0
BOTTOM OF THE 2ND
Lansing Lugnuts batting - Pitching for Albuquerque Isotopes : RHP Mark Sanders
Batting: LHB Francisco Marino 0-0: Swinging Strike
0-1: Called Strike
0-2: Ball
1-2: Strikes out swinging
Batting: RHB Phil Matthews 0-0: Called Strike
0-1: Ball
1-1: Ball
2-1: Ball
3-1: Ground out 6-3 (Groundball, 6)
Batting: RHB Sadao Kimura 0-0: Foul Ball, location: 2F
0-1: Fly out, F8 (Flyball, 8LM)
Bottom of the 2nd over - 0 run(s), 0 hit(s), 0 error(s), 0 left on base; Albuquerque 2 - Lansing 0
TOP OF THE 3RD
Albuquerque Isotopes batting - Pitching for Lansing Lugnuts : RHP Arturo Leal
Batting: RHB Luis Martínez 0-0: Ball
1-0: Ball
2-0: Swinging Strike
2-1: Swinging Strike
2-2: Strikes out looking
Batting: RHB Cristián Herrera 0-0: Ball
1-0: Called Strike
1-1: Called Strike
1-2: Strikes out swinging
Batting: SHB Lee Townsend 0-0: Ball
1-0: Ground out 4-3 (Groundball, 34)
Top of the 3rd over - 0 run(s), 0 hit(s), 0 error(s), 0 left on base; Albuquerque 2 - Lansing 0
BOTTOM OF THE 3RD
Lansing Lugnuts batting - Pitching for Albuquerque Isotopes : RHP Mark Sanders
Batting: RHB Matt Silver 0-0: Ball
1-0: Ground out 4-3 (Groundball, 4)
Batting: LHB Alberto Medine 0-0: Called Strike
0-1: Swinging Strike
0-2: Strikes out swinging
Batting: LHB Sam Barnes 0-0: Ball
1-0: Ball
2-0: Fly out, F9 (Flyball, 89D)
Bottom of the 3rd over - 0 run(s), 0 hit(s), 0 error(s), 0 left on base; Albuquerque 2 - Lansing 0
TOP OF THE 4TH
Albuquerque Isotopes batting - Pitching for Lansing Lugnuts : RHP Arturo Leal
Batting: RHB Edward Young 0-0: Ball
1-0: Ball
2-0: Ball
3-0: Called Strike
3-1: Called Strike
3-2: Foul Ball, location: 2F
3-2: Ground out U3 (Groundball, 3S)
Batting: LHB Juan Carlos Sánchez 0-0: Ball
1-0: DOUBLE (Flyball, 89XD)
Pitching: RHP Jesús Sosa
Batting: LHB Mark Vestal 0-0: Called Strike
0-1: Ball
1-1: Ground out 6-3 (Groundball, 6)
Batting: LHB A.J. Major 0-0: Ball
1-0: Foul Ball, location: 2F
1-1: Foul Ball, location: 2F
1-2: Foul Ball, location: 2F
1-2: Ball
2-2: Ball
3-2: Ground out 4-3 (Groundball, 4M)
Top of the 4th over - 0 run(s), 1 hit(s), 0 error(s), 1 left on base; Albuquerque 2 - Lansing 0
BOTTOM OF THE 4TH
Lansing Lugnuts batting - Pitching for Albuquerque Isotopes : RHP Mark Sanders
Batting: RHB Jeff Packard 0-0: Called Strike
0-1: Ground out 5-3 (Groundball, 5S)
Batting: RHB Júlio Caraballo 0-0: Foul Ball, location: 2F
0-1: Ball
1-1: Foul Ball, location: 2F
1-2: Ground out 5-3 (Groundball, 5)
Batting: LHB Ricardo Romero 0-0: Ball
1-0: Ball
2-0: Called Strike
2-1: Ball
3-1: Base on Balls
Batting: LHB Francisco Marino 0-0: Foul Ball, location: 2F
0-1: Swinging Strike
0-2: Foul Ball, location: 2F
0-2: Strikes out swinging
Bottom of the 4th over - 0 run(s), 0 hit(s), 0 error(s), 1 left on base; Albuquerque 2 - Lansing 0
TOP OF THE 5TH
Albuquerque Isotopes batting - Pitching for Lansing Lugnuts : RHP Jesús Sosa
Batting: LHB David Griffin 0-0: Foul Ball, location: 2F
0-1: Ball
1-1: Ball
2-1: Ball
3-1: Base on Balls
Batting: RHB Juan Barrera 0-0: Ball
1-0: Foul Ball, location: 2F
1-1: Foul Ball, location: 2F
1-2: Strikes out looking
Batting: RHB Luis Martínez 0-0: Ball
1-0: Called Strike
1-1: Foul Ball, location: 2F
1-2: Ball
2-2: Ball
3-2: Foul Ball, location: 2F
3-2: Strikes out looking
Batting: RHB Cristián Herrera 0-0: Called Strike
0-1: Ball
1-1: Fielders Choice at 2nd, 5-4 (Groundball, 5)
Top of the 5th over - 0 run(s), 0 hit(s), 0 error(s), 0 left on base; Albuquerque 2 - Lansing 0
BOTTOM OF THE 5TH
Lansing Lugnuts batting - Pitching for Albuquerque Isotopes : RHP Mark Sanders
Batting: RHB Phil Matthews 0-0: Called Strike
0-1: Ball
1-1: Ball
2-1: Foul Ball, location: 2F
2-2: Ground out 4-3 (Groundball, 4)
Batting: RHB Sadao Kimura 0-0: Ground out 5-3 (Groundball, 5S)
Batting: RHB Matt Silver 0-0: Foul Ball, location: 2F
0-1: Ground out 6-3 (Groundball, 6M)
Bottom of the 5th over - 0 run(s), 0 hit(s), 0 error(s), 0 left on base; Albuquerque 2 - Lansing 0
TOP OF THE 6TH
Albuquerque Isotopes batting - Pitching for Lansing Lugnuts : RHP Jesús Sosa
Batting: SHB Lee Townsend 0-0: Ball
1-0: Ball
2-0: Called Strike
2-1: Swinging Strike
2-2: Strikes out swinging
Batting: RHB Edward Young 0-0: Called Strike
0-1: Called Strike
0-2: Ground out U3 (Groundball, 3)
Batting: LHB Juan Carlos Sánchez 0-0: Ball
1-0: Swinging Strike
1-1: Ball
2-1: Ground out 5-3 (Groundball, 56S)
Top of the 6th over - 0 run(s), 0 hit(s), 0 error(s), 0 left on base; Albuquerque 2 - Lansing 0
BOTTOM OF THE 6TH
Lansing Lugnuts batting - Pitching for Albuquerque Isotopes : RHP Mark Sanders
Batting: LHB Alberto Medine 0-0: Ball
1-0: Ball
2-0: Called Strike
2-1: Ground out 4-3 (Groundball, 13)
Batting: LHB Sam Barnes 0-0: Ball
1-0: Called Strike
1-1: Foul Ball, location: 2F
1-2: Ball
2-2: Fly out, F8 (Line Drive, 8RM)
Batting: RHB Jeff Packard 0-0: Ball
1-0: Called Strike
1-1: Swinging Strike
1-2: Strikes out looking
Bottom of the 6th over - 0 run(s), 0 hit(s), 0 error(s), 0 left on base; Albuquerque 2 - Lansing 0
TOP OF THE 7TH
Albuquerque Isotopes batting - Pitching for Lansing Lugnuts : RHP Jesús Sosa
Pitching: LHP Carlos Berru
Batting: LHB Mark Vestal 0-0: Ball
1-0: Ball
2-0: Ball
3-0: Called Strike
3-1: SINGLE (Line Drive, 56D)
Batting: LHB A.J. Major 0-0: Ball
1-0: Bunted foul
1-1: Sac Bunt - play at second, runner OUT! 1-6
Batting: LHB David Griffin 0-0: Ball
A.J. Major steals 2nd base
1-0: Called Strike
1-1: Ball
2-1: Foul Ball, location: 2F
2-2: Strikes out swinging
Batting: RHB Juan Barrera 0-0: Ball
A.J. Major steals 3rd base
1-0: Ball
2-0: Foul Ball, location: 2F
2-1: Ball
3-1: Foul Ball, location: 2F
3-2: Fly out, F7 (Line Drive, 7M)
Top of the 7th over - 0 run(s), 1 hit(s), 0 error(s), 1 left on base; Albuquerque 2 - Lansing 0
BOTTOM OF THE 7TH
Lansing Lugnuts batting - Pitching for Albuquerque Isotopes : RHP Mark Sanders
Batting: RHB Júlio Caraballo 0-0: Ball
1-0: Foul Ball, location: 2F
1-1: Swinging Strike
1-2: Ball
2-2: Foul Ball, location: 2F
2-2: Ground out 5-3 (Groundball, 5S)
Batting: LHB Ricardo Romero 0-0: Foul Ball, location: 2F
0-1: Ground out 6-3 (Groundball, 6M)
Batting: LHB Francisco Marino 0-0: Ball
1-0: Swinging Strike
1-1: Ball
2-1: Ball
3-1: Called Strike
3-2: SOLO HOME RUN (Line Drive, 9D), Distance : 387 ft
Batting: RHB Phil Matthews 0-0: Ball
1-0: Ground out 6-3 (Groundball, 6M)
Bottom of the 7th over - 1 run(s), 1 hit(s), 0 error(s), 0 left on base; Albuquerque 2 - Lansing 1
TOP OF THE 8TH
Albuquerque Isotopes batting - Pitching for Lansing Lugnuts : LHP Carlos Berru
Batting: RHB Luis Martínez 0-0: Foul Ball, location: 2F
0-1: Foul Ball, location: 2F
0-2: Foul Ball, location: 2F
0-2: DOUBLE (Flyball, 8LXD)
Batting: RHB Cristián Herrera 0-0: Intentional Walk
Batting: SHB Lee Townsend 0-0: Called Strike
0-1: Called Strike
0-2: Ball
1-2: Ball
2-2: Foul Ball, location: 2F
2-2: Ball
3-2: Base on Balls
Luis Martínez to third
Cristián Herrera to second
Batting: RHB Edward Young 0-0: Foul Ball, location: 2F
0-1: Ball
1-1: Called Strike
1-2: SINGLE (Line Drive, 6D)
Luis Martínez scores
Cristián Herrera to third
Lee Townsend to second
Pinch Hitting: RHB Arturo García 0-0: Swinging Strike
0-1: Ball
1-1: Ball
2-1: Ball
3-1: Base on Balls
Cristián Herrera scores
Lee Townsend to third
Edward Young to second
Batting: LHB Mark Vestal 0-0: Ball
1-0: Ball
2-0: Called Strike
2-1: Foul Ball, location: 2F
2-2: Strikes out looking
Pitching: LHP Craig Bowling
Batting: LHB A.J. Major 0-0: Ball
1-0: Ball
2-0: Called Strike
2-1: Fielders Choice at 2nd, 5-4 (Groundball, 5)
Lee Townsend scores
Edward Young to third
Batting: LHB David Griffin 0-0: Ball
1-0: Called Strike
1-1: Ground out U3 (Groundball, 3S)
Top of the 8th over - 3 run(s), 2 hit(s), 0 error(s), 2 left on base; Albuquerque 5 - Lansing 1
BOTTOM OF THE 8TH
Lansing Lugnuts batting - Pitching for Albuquerque Isotopes : RHP Mark Sanders
Now at 1B: Wilson Gonzáles
Batting: RHB Sadao Kimura 0-0: Foul Ball, location: 2F
0-1: Ball
1-1: Swinging Strike
1-2: Strikes out looking
Batting: RHB Matt Silver 0-0: Ball
1-0: Ball
2-0: Ground out 6-3 (Groundball, 56)
Batting: LHB Alberto Medine 0-0: Fly out, F7 (Flyball, 7M)
Bottom of the 8th over - 0 run(s), 0 hit(s), 0 error(s), 0 left on base; Albuquerque 5 - Lansing 1
TOP OF THE 9TH
Albuquerque Isotopes batting - Pitching for Lansing Lugnuts : LHP Craig Bowling
Batting: RHB Juan Barrera 0-0: Ground out 5-3 (Groundball, 56)
Batting: RHB Luis Martínez 0-0: Foul Ball, location: 2F
0-1: Ball
1-1: Called Strike
1-2: Foul Ball, location: 2F
1-2: Strikes out looking
Batting: RHB Cristián Herrera 0-0: Swinging Strike
0-1: Ball
1-1: Swinging Strike
1-2: Ball
2-2: Foul Ball, location: 2F
2-2: Strikes out swinging
Top of the 9th over - 0 run(s), 0 hit(s), 0 error(s), 0 left on base; Albuquerque 5 - Lansing 1
BOTTOM OF THE 9TH
Lansing Lugnuts batting - Pitching for Albuquerque Isotopes : RHP Mark Sanders
Batting: LHB Sam Barnes 0-0: Ground out 6-3 (Groundball, 6)
Batting: RHB Jeff Packard 0-0: Foul Ball, location: 2F
0-1: Ball
1-1: Ball
2-1: Ball
3-1: Base on Balls
Batting: RHB Júlio Caraballo 0-0: Ball
1-0: Fly out, F4 (Popup, 34D)
Batting: LHB Ricardo Romero 0-0: Fielders Choice at 2nd, 6-4 (Groundball, 6)
Bottom of the 9th over - 0 run(s), 0 hit(s), 0 error(s), 0 left on base; Albuquerque 5 - Lansing 1
This league is powered by Out of the Park Baseball, the baseball management simulation game for PC, Mac and Linux
Saturday, April 9th, 2016 - OOTP Baseball 16.8 Build 38